TOP OF THE 1ST |
Idaho Falls Chukars batting - Pitching for Belleville Bulls : RHP Rafael Peralta
|
Pitching: RHP Rafael Peralta
|
|
Batting: RHB Miguel Luna
|
0-0: Ball 1-0: Ball 2-0: DOUBLE (Groundball, 5L)
|
Batting: LHB Frank Sharp
|
0-0: Called Strike 0-1: Ball 1-1: Foul Ball, location: 2F 1-2: Foul Ball, location: 2F 1-2: Ball 2-2: Strikes out looking
|
Batting: RHB Tan Bal
|
0-0: Called Strike 0-1: Swinging Strike 0-2: SINGLE (Line Drive, 8LS) Miguel Luna to third Runner from 3rd tries for Home, SAFE, no throw or cutoff
|
Batting: SHB Pablo Coloa
|
0-0: Called Strike 0-1: Fly out, F9 (Flyball, 89S)
|
Batting: RHB Michael Bradshaw
|
0-0: Ball 1-0: Ball 2-0: Foul Ball, location: 2F 2-1: Foul Ball, location: 2F 2-2: Strikes out looking
|
Top of the 1st over - 1 run(s), 2 hit(s), 0 error(s), 1 left on base; Idaho Falls 1 - Belleville 0 |
BOTTOM OF THE 1ST |
Belleville Bulls batting - Pitching for Idaho Falls Chukars : RHP Hartmann Riedman
|
Pitching: RHP Hartmann Riedman
|
|
Batting: RHB Vincente Fuentes
|
0-0: Called Strike 0-1: Swinging Strike 0-2: Strikes out swinging
|
Batting: RHB Wei-qiang Mo
|
0-0: Ball 1-0: SINGLE (Line Drive, 56D)
|
Batting: RHB Markus Thompson
|
0-0: Called Strike 0-1: Foul Ball, location: 2F 0-2: Ball 1-2: 2-RUN HOME RUN (Flyball, 7D), Distance : 397 ft
|
Batting: LHB Manuel Sánchez
|
0-0: Called Strike 0-1: Foul Ball, location: 2F 0-2: Ball 1-2: Foul Ball, location: 2F 1-2: Foul Ball, location: 2F 1-2: Fly out, F9 (Flyball, 9LM)
|
Batting: SHB Martín Marrero
|
0-0: Ball 1-0: Ball 2-0: Swinging Strike 2-1: Ball 3-1: Fly out, F8 (Flyball, 78D)
|
Bottom of the 1st over - 2 run(s), 2 hit(s), 0 error(s), 0 left on base; Idaho Falls 1 - Belleville 2 |
TOP OF THE 2ND |
Idaho Falls Chukars batting - Pitching for Belleville Bulls : RHP Rafael Peralta
|
Batting: LHB Armando Peña
|
0-0: Ball 1-0: Ball 2-0: Fly out, F9 (Flyball, 89S)
|
Batting: RHB Scott Ramsey
|
0-0: Foul Ball, location: 2F 0-1: Ball 1-1: Ground out 1-3 (Groundball, 15S)
|
Batting: SHB Félix Medina
|
0-0: Fly out, F7 (Flyball, 7LM)
|
Top of the 2nd over - 0 run(s), 0 hit(s), 0 error(s), 0 left on base; Idaho Falls 1 - Belleville 2 |
BOTTOM OF THE 2ND |
Belleville Bulls batting - Pitching for Idaho Falls Chukars : RHP Hartmann Riedman
|
Batting: RHB Duane Wills
|
0-0: Fly out, F8 (Flyball, 8RM)
|
Batting: RHB Warren Martin
|
0-0: Swinging Strike 0-1: Called Strike 0-2: Strikes out swinging
|
Batting: RHB Alfredo Cardenas
|
0-0: Fly out, F8 (Flyball, 8RS)
|
Bottom of the 2nd over - 0 run(s), 0 hit(s), 0 error(s), 0 left on base; Idaho Falls 1 - Belleville 2 |
TOP OF THE 3RD |
Idaho Falls Chukars batting - Pitching for Belleville Bulls : RHP Rafael Peralta
|
Batting: RHB Jonah Cooney
|
0-0: Ball 1-0: SOLO HOME RUN (Flyball, 78XD), Distance : 432 ft
|
Batting: RHB Miguel Luna
|
0-0: Ball 1-0: Ball 2-0: Fly out, F9 (Flyball, 89M)
|
Batting: LHB Frank Sharp
|
0-0: Ball 1-0: Ground out U3 (Groundball, 3)
|
Batting: RHB Tan Bal
|
0-0: Called Strike 0-1: Foul Ball, location: 2F 0-2: Ball 1-2: Ball 2-2: Ground out 4-3 (Groundball, 4M)
|
Top of the 3rd over - 1 run(s), 1 hit(s), 0 error(s), 0 left on base; Idaho Falls 2 - Belleville 2 |
BOTTOM OF THE 3RD |
Belleville Bulls batting - Pitching for Idaho Falls Chukars : RHP Hartmann Riedman
|
Batting: SHB Tristan Shanks
|
0-0: Ground out 5-3 (Groundball, 56)
|
Batting: RHB Vincente Fuentes
|
0-0: Foul Ball, location: 2F 0-1: Ground out 5-3 (Groundball, 5S)
|
Batting: RHB Wei-qiang Mo
|
0-0: Ball 1-0: Fly out, F7 (Flyball, 7M)
|
Bottom of the 3rd over - 0 run(s), 0 hit(s), 0 error(s), 0 left on base; Idaho Falls 2 - Belleville 2 |
TOP OF THE 4TH |
Idaho Falls Chukars batting - Pitching for Belleville Bulls : RHP Rafael Peralta
|
Batting: SHB Pablo Coloa
|
0-0: Ball 1-0: SINGLE (Groundball, 4MD)
|
Batting: RHB Michael Bradshaw
|
0-0: Ball 1-0: Fielders Choice at 2nd, 6-4 (Groundball, 6)
|
Batting: LHB Armando Peña
|
0-0: Called Strike 0-1: Ball 1-1: Ball 2-1: Swinging Strike 2-2: Fielders Choice at 2nd, 6-4 (Groundball, 6)
|
Batting: RHB Scott Ramsey
|
0-0: Ball 1-0: Ground out 6-3 (Groundball, 6)
|
Top of the 4th over - 0 run(s), 1 hit(s), 0 error(s), 1 left on base; Idaho Falls 2 - Belleville 2 |
BOTTOM OF THE 4TH |
Belleville Bulls batting - Pitching for Idaho Falls Chukars : RHP Hartmann Riedman
|
Batting: RHB Markus Thompson
|
0-0: Ball 1-0: Ball 2-0: Ball 3-0: Base on Balls
|
Batting: LHB Manuel Sánchez
|
0-0: Ball 1-0: Called Strike 1-1: Foul Ball, location: 2F 1-2: Strikes out looking
|
Batting: SHB Martín Marrero
|
0-0: Called Strike 0-1: Foul Ball, location: 2F 0-2: Foul Ball, location: 2F 0-2: Foul Ball, location: 2F 0-2: Ball 1-2: Strikes out swinging
|
Batting: RHB Duane Wills
|
0-0: Called Strike 0-1: Fly out, F4 (Line Drive, 4M)
|
Bottom of the 4th over - 0 run(s), 0 hit(s), 0 error(s), 1 left on base; Idaho Falls 2 - Belleville 2 |
TOP OF THE 5TH |
Idaho Falls Chukars batting - Pitching for Belleville Bulls : RHP Rafael Peralta
|
Batting: SHB Félix Medina
|
0-0: Ball 1-0: Called Strike 1-1: Foul Ball, location: 2F 1-2: Strikes out swinging
|
Batting: RHB Jonah Cooney
|
0-0: Ball 1-0: Called Strike 1-1: Ball 2-1: Foul Ball, location: 2F 2-2: Ball 3-2: Fly out, F8 (Flyball, 8RD)
|
Batting: RHB Miguel Luna
|
0-0: Ground out 4-3 (Groundball, 13)
|
Top of the 5th over - 0 run(s), 0 hit(s), 0 error(s), 0 left on base; Idaho Falls 2 - Belleville 2 |
BOTTOM OF THE 5TH |
Belleville Bulls batting - Pitching for Idaho Falls Chukars : RHP Hartmann Riedman
|
Batting: RHB Warren Martin
|
0-0: Ball 1-0: Ground out 1-3 (Groundball, 13)
|
Batting: RHB Alfredo Cardenas
|
0-0: Called Strike 0-1: Swinging Strike 0-2: Ball 1-2: Ball 2-2: Foul Ball, location: 2F 2-2: Foul Ball, location: 2F 2-2: Ball 3-2: Strikes out swinging
|
Batting: SHB Tristan Shanks
|
0-0: Foul Ball, location: 2F 0-1: Ball 1-1: Foul Ball, location: 2F 1-2: Ball 2-2: Ball 3-2: Strikes out swinging
|
Bottom of the 5th over - 0 run(s), 0 hit(s), 0 error(s), 0 left on base; Idaho Falls 2 - Belleville 2 |
TOP OF THE 6TH |
Idaho Falls Chukars batting - Pitching for Belleville Bulls : RHP Rafael Peralta
|
Batting: LHB Frank Sharp
|
0-0: Ball 1-0: Ball 2-0: SINGLE (Line Drive, 6M)
|
Batting: RHB Tan Bal
|
0-0: Ball 1-0: Ball 2-0: Called Strike 2-1: Foul Ball, location: 2F 2-2: SINGLE (Line Drive, 8LS) Frank Sharp to second
|
Batting: SHB Pablo Coloa
|
0-0: Called Strike 0-1: Foul Ball, location: 2F 0-2: Foul Ball, location: 2F 0-2: Strikes out swinging
|
Batting: RHB Michael Bradshaw
|
0-0: Swinging Strike 0-1: Ground out 4-3 (Groundball, 4M) Frank Sharp to third Tan Bal to second
|
Batting: LHB Armando Peña
|
0-0: Foul Ball, location: 2F 0-1: Ball 1-1: Ball 2-1: Ball Wild Pitch! Frank Sharp scores Tan Bal to third 3-1: Foul Ball, location: 2F 3-2: Ground out 4-3 (Groundball, 4)
|
Top of the 6th over - 1 run(s), 2 hit(s), 0 error(s), 1 left on base; Idaho Falls 3 - Belleville 2 |
BOTTOM OF THE 6TH |
Belleville Bulls batting - Pitching for Idaho Falls Chukars : RHP Hartmann Riedman
|
Batting: RHB Vincente Fuentes
|
0-0: Ball 1-0: Foul Ball, location: 2F 1-1: Ball 2-1: Ball 3-1: Base on Balls
|
Batting: RHB Wei-qiang Mo
|
0-0: Fly out, F6 (Popup, 6)
|
Batting: RHB Markus Thompson
|
0-0: Called Strike 0-1: Ball 1-1: Foul Ball, location: 2F 1-2: Fly out, F4 (Line Drive, 4M)
|
Batting: LHB Manuel Sánchez
|
0-0: Ball 1-0: Fielders Choice at 2nd, U4 (Groundball, 4M)
|
Bottom of the 6th over - 0 run(s), 0 hit(s), 0 error(s), 1 left on base; Idaho Falls 3 - Belleville 2 |
TOP OF THE 7TH |
Idaho Falls Chukars batting - Pitching for Belleville Bulls : RHP Rafael Peralta
|
Batting: RHB Scott Ramsey
|
0-0: Called Strike 0-1: Ground out 1-3 (Groundball, 13)
|
Batting: SHB Félix Medina
|
0-0: Called Strike 0-1: Fly out, F8 (Flyball, 8LM)
|
Batting: RHB Jonah Cooney
|
0-0: Called Strike 0-1: Ball 1-1: Swinging Strike 1-2: Foul Ball, location: 2F 1-2: Ball 2-2: Fly out, F6 (Popup, 56D)
|
Top of the 7th over - 0 run(s), 0 hit(s), 0 error(s), 0 left on base; Idaho Falls 3 - Belleville 2 |
BOTTOM OF THE 7TH |
Belleville Bulls batting - Pitching for Idaho Falls Chukars : RHP Hartmann Riedman
|
Batting: SHB Martín Marrero
|
0-0: Ball 1-0: Ball 2-0: Ball 3-0: Called Strike 3-1: Called Strike 3-2: Strikes out looking
|
Batting: RHB Duane Wills
|
0-0: Foul Ball, location: 2F 0-1: Ball 1-1: Foul Ball, location: 2F 1-2: Strikes out swinging
|
Batting: RHB Warren Martin
|
0-0: Fly out, F9 (Popup, 89S)
|
Bottom of the 7th over - 0 run(s), 0 hit(s), 0 error(s), 0 left on base; Idaho Falls 3 - Belleville 2 |
TOP OF THE 8TH |
Idaho Falls Chukars batting - Pitching for Belleville Bulls : RHP Rafael Peralta
|
Batting: RHB Miguel Luna
|
0-0: Ground out U3 (Groundball, 3S)
|
Batting: LHB Frank Sharp
|
0-0: Called Strike 0-1: SINGLE (Popup, 4D)
|
Batting: RHB Tan Bal
|
0-0: Called Strike 0-1: Ball 1-1: Ball 2-1: Called Strike 2-2: Ball Frank Sharp is caught stealing 2nd base 3-2: Foul Ball, location: 2F 3-2: Strikes out swinging
|
Top of the 8th over - 0 run(s), 1 hit(s), 0 error(s), 0 left on base; Idaho Falls 3 - Belleville 2 |
BOTTOM OF THE 8TH |
Belleville Bulls batting - Pitching for Idaho Falls Chukars : RHP Hartmann Riedman
|
Now at C: Erwin Chapman
|
|
Batting: RHB Alfredo Cardenas
|
0-0: Ball 1-0: Ball 2-0: Ball 3-0: Called Strike Single, Error in OF, E7, batter to second base
|
Pitching: LHP Bastião Shwerin
|
|
Pinch Hitting: RHB Jim Unknown
|
0-0: Foul Ball, location: 2F 0-1: Ball 1-1: Ball 2-1: Foul Ball, location: 2F 2-2: Fly out, F8 (Flyball, 78M)
|
Pitching: RHP Rick Kennedy
|
|
Pinch Hitting: LHB Tommy Sullivan
|
0-0: Ball 1-0: Fly out, F7 (Flyball, 7M)
|
Batting: RHB Wei-qiang Mo
|
0-0: Called Strike 0-1: Called Strike 0-2: Foul Ball, location: 2F 0-2: Ball 1-2: Strikes out looking
|
Bottom of the 8th over - 0 run(s), 1 hit(s), 1 error(s), 1 left on base; Idaho Falls 3 - Belleville 2 |
TOP OF THE 9TH |
Idaho Falls Chukars batting - Pitching for Belleville Bulls : RHP Rafael Peralta
|
Now at SS: Jaime Ramírez
|
|
Now in LF: Tommy Sullivan
|
|
Batting: SHB Pablo Coloa
|
0-0: Foul Ball, location: 2F 0-1: Ground out 3-1 (Groundball, 3)
|
Batting: RHB Michael Bradshaw
|
0-0: Ground out 5-3 (Groundball, 5L)
|
Batting: LHB Armando Peña
|
0-0: Ball 1-0: SINGLE (Flyball, 8LS)
|
Pinch Hitting: RHB Rubén Hernández
|
0-0: Called Strike Armando Peña is caught stealing 2nd base
|
Top of the 9th over - 0 run(s), 1 hit(s), 0 error(s), 0 left on base; Idaho Falls 3 - Belleville 2 |
BOTTOM OF THE 9TH |
Belleville Bulls batting - Pitching for Idaho Falls Chukars : RHP Rick Kennedy
|
Pitching: LHP An Jang-Yop
|
|
Now at 1B: Rubén Hernández
|
|
Now at SS: Christian Gentry
|
|
Batting: RHB Markus Thompson
|
0-0: Ball 1-0: Ball 2-0: Swinging Strike 2-1: Called Strike 2-2: Strikes out swinging
|
Pinch Hitting: RHB Brandon Carroll
|
0-0: Ball 1-0: Called Strike 1-1: Hit by Pitch
|
Pinch Runner at 1st Gabriel López:
|
|
Pinch Hitting: RHB Eduardo Morales
|
0-0: Fly out, F3 (Popup, 3F)
|
Pinch Hitting: RHB Manuel Rosales
|
0-0: Foul Ball, location: 2F 0-1: Foul Ball, location: 2F 0-2: Ball 1-2: Fly out, F9 (Flyball, 89M)
|
Bottom of the 9th over - 0 run(s), 0 hit(s), 0 error(s), 1 left on base; Idaho Falls 3 - Belleville 2 |
|